 Dungeon Crawl Stone Soup version 0.31.0-2-g5a2aebc5c2 (webtiles) character file.

Game seed: 18282625294381495777

59221 Dirian the Cleaver (level 14, -4/132 HPs)
             Began as a Minotaur Fighter on Jan 20, 2024.
             Was a High Priest of Okawaru.
             Slain by a wolf spider (14 damage)
             ... on level 1 of the Spider Nest.
             The game lasted 00:36:26 (21715 turns).

Dirian the Cleaver (Minotaur Fighter)              Turns: 21715, Time: 00:36:26

Health: -4/132     AC: 31    Str: 33    XL:     14   Next: 52%
Magic:  19/20      EV: 10    Int:  5    God:    Okawaru [*****.]
Gold:   1940       SH: 14    Dex: 12    Spells: 13/13 levels left

rFire   + . .        a - +3 broad axe
rCold   . . .        c - +0 kite shield
rNeg    . . .        m - +0 plate armour
rPois   +            C - +1 hat
rElec   .            P - +5 cloak of the Crypt {Fly rPois SInv}
rCorr   .            S - +1 pair of gloves {Dex+3}
SInv    +            l - +0 pair of boots
Will    +....        (no amulet) Stlth
                     L - +6 ring of strength
HPRegen 0.42/turn    p - ring of protection from fire
MPRegen 0.17/turn

%: no passive effects
@: heroic, flying
A: horns 2, retaliatory headbutt
a: Renounce Religion, Heroism, Finesse, Duel


You were on level 1 of the Spider Nest.
You worshipped Okawaru.
Okawaru was extremely pleased with you.
You visited 5 branches of the dungeon, and saw 21 of its levels.
You also visited: Gauntlet.

You collected 2348 gold pieces.
You spent 408 gold pieces at shops.

Inventory:

Hand Weapons
 a - a +3 broad axe (weapon)
 b - a +0 hand axe of flaming
Missiles
 g - 12 javelins
 E - 9 silver javelins
 G - 13 boomerangs (quivered)
 J - a throwing net
Armour
 c - a +0 kite shield (worn)
 l - a +0 pair of boots (worn)
 m - a +0 plate armour (worn)
 C - a +1 hat (worn)
 P - the +5 cloak of the Crypt (worn) {Fly rPois SInv}
   (You found it in a Gauntlet)

   rPois:     It protects you from poison SInv: It lets you see invisible.
   Fly:       It grants you flight.
 S - a +1 pair of gloves of dexterity (worn)
Jewellery
 p - a ring of protection from fire (right hand)
 K - a ring of positive energy
 L - a +6 ring of strength (left hand)
 O - a ring of poison resistance
Scrolls
 t - 9 scrolls of teleportation
 z - 2 scrolls of blinking
 F - 5 scrolls of fog
 H - 4 scrolls of fear
 M - 2 scrolls of enchant armour
 R - 2 scrolls of revelation
 T - 9 scrolls of immolation
Potions
 d - 2 potions of might
 f - 3 potions of attraction
 h - 3 potions of haste
 i - a potion of mutation
 j - 3 potions of lignification
 k - 2 potions of magic
 n - 3 potions of resistance
 q - 6 potions of curing
 s - 3 potions of enlightenment
 v - 2 potions of ambrosia
 w - 4 potions of heal wounds
 x - 3 potions of brilliance
 y - 2 potions of berserk rage
 B - 2 potions of cancellation
 N - a potion of invisibility


   Skills:
 + Level 14.0(19.0) Fighting
 - Level 1.0(6.0) Long Blades
 - Level 14.0(19.0) Axes
 - Level 10.0(15.0) Throwing
 + Level 13.7(18.7) Armour
 + Level 12.5(17.5) Shields
 - Level 10.0 Invocations


You had 13 spell levels left.
You didn't know any spells.
Your spell library contained the following spells:

 Spells                   Type           Power      Damage    Failure   Level
 Sandblast                Erth           0%         2d4       95%         1
 Slow                     Hex            0%         N/A       95%         1
 Mercury Vapours          Alch/Air       0%         N/A       98%         2
 Sublimation of Blood     Necr           0%         N/A       98%         2
 Confusing Touch          Hex            0%         N/A       100%        3
 Dazzling Flash           Conj/Hex       0%         N/A       100%        3
 Fugue of the Fallen      Necr           0%         N/A       100%        3
 Mephitic Cloud           Conj/Alch/Air  0%         N/A       100%        3
 Ozocubu's Armour         Ice            0%         N/A       100%        3
 Passwall                 Erth           0%         N/A       100%        3
 Sigil of Binding         Hex            0%         N/A       100%        3
 Stone Arrow              Conj/Erth      0%         3d7       100%        3
 Swiftness                Air            0%         N/A       100%        3
 Vampiric Draining        Necr           0%         2d6       100%        3
 Brom's Barrelling Bould  Conj/Erth      0%         2d3       100%        4
 Cause Fear               Hex            0%         N/A       100%        4
 Manifold Assault         Tloc           0%         N/A       100%        4
 Vhi's Electric Charge    Tloc/Air       0%         N/A       100%        4
 Arcjolt                  Conj/Air       0%         1d10      100%        5
 Curse of Agony           Necr           0%         N/A       100%        5
 Fireball                 Conj/Fire      0%         3d3       100%        5
 Silence                  Hex/Air        0%         N/A       100%        5
 Maxwell's Capacitive Co  Air            0%         ∞         100%        8
 Chain Lightning          Conj/Air       0%         N/A       100%        9
 Fire Storm               Conj/Fire      0%         5d1       100%        9
 Shatter                  Erth           0%         3d5*      100%        9
 Call Imp                 Summ           Unusable   N/A       N/A         2
 Summon Hydra             Summ           Unusable   N/A       N/A         7
 Dragon's Call            Summ           Unusable   N/A       N/A         9

Dungeon Overview and Level Annotations

Branches:
Dungeon (12/15) Zot: 26616  Temple (1/1) D:6 Zot: 5940    Lair (5/5) D:8 Zot: 22332
  Swamp (0/4) Lair:3       Spider (1/4) Lair:2 Zot: 5987   Slime (0/5) Lair:4
    Orc (2/2) D:9 Zot: 9829     Elf (0/3) Orc:2       Gauntlet (visited)

Altars:
Ashenzari
Cheibriados
Dithmenos
Elyvilon
Fedhas
Gozag
Hepliaklqana
Kikubaaqudgha
Makhleb
Nemelex Xobeh
Okawaru
Qazlal
Ru
Sif Muna
Trog
Uskayaw
Vehumet
Wu Jian
Xom
Yredelemnul
Zin
The Shining One

Shops:
D:3 =   Orc:2 *!*(

Annotations:
D:10 3 transporters
Lair:2 2 transporters
Lair:3 2 transporters, Huasawuy's ghost, journeyman TrHW


Innate Abilities, Weirdness & Mutations

You have a pair of horns on your head.
You reflexively headbutt those who attack you in melee.


Message History

The moth of wrath bites you but does no damage.
There is a crawl-hole back to the Lair, spattered with blood here.
You feel better.
The tarantella touches you but does no damage.
You block the wolf spider's attack.
The wolf spider bites you but does no damage.
You block the tarantella's attack.
The wolf spider hits you but does no damage.
You block the wolf spider's attack. The moth of wrath barely misses you.
You miss the tarantella. You headbutt the tarantella!
The tarantella is moderately wounded.
You slash the wolf spider! You hit the moth of wrath.
The tarantella touches you but does no damage.
The wolf spider closely misses you. You furiously retaliate!
You headbutt the wolf spider! You block the wolf spider's attack.
You block the tarantella's attack.
The wolf spider hits you but does no damage.
The wolf spider bites you but does no damage.
The moth of wrath barely misses you.
You barely miss the tarantella. You headbutt the tarantella!!
The tarantella is severely wounded.
You hit the wolf spider. You hit the moth of wrath. The tarantella touches you!
* * * LOW HITPOINT WARNING * * *
The wolf spider hits you but does no damage.
You block the wolf spider's attack.
The moth of wrath bites you but does no damage.
You block the tarantella's attack.
You slice the moth of wrath!!
You kill the moth of wrath!
Okawaru accepts your kill.
You closely miss the tarantella. You slash the wolf spider!
The wolf spider hits you!
* * * LOW HITPOINT WARNING * * *
You block the wolf spider's attack. You block the tarantella's attack.
The wolf spider barely misses you. You block the wolf spider's attack.
You slash the tarantella!
You kill the tarantella!
Okawaru accepts your kill.
You slash the wolf spider! The wolf spider hits you!
You die...

# ######
#.#....##
#.#.....###
#........#
#..†.....##
#..@†.....#
#....s......#
#?............#
##............#
#............#
#.............#
##.......[....#
##...........


You could see a wolf spider (berserk).

Vanquished Creatures
  Rupert (Lair:3)
  A reaper (Gauntlet)
  A minotaur (Gauntlet)
  A fire dragon (Lair:5)
  6 hydras
  An ice dragon (Lair:5)
  A two-headed ogre (D:9)
  Erica (D:9)
  A death scarab (Gauntlet)
  4 death yaks (Lair:4)
  2 orc high priests (Orc:2)
  4 skysharks
  A swamp dragon (Lair:5)
  2 lindwurms (Lair:5)
  A large abomination (Gauntlet)
  A spectral hydra (Gauntlet)
  6 orc sorcerers
  3 cyclopes (D:11)
  9 elephants
  A moth of wrath (Spider:1)
  2 black mambas
  2 kobold blastminers (Orc:1)
  6 torpor snails
  8 komodo dragons
  6 rime drakes
  6 cane toads
  2 unseen horrors (D:11)
  2 minotaur zombies (Gauntlet)
  3 tyrant leeches (Lair:5)
  3 trolls
  2 tarantellas (Spider:1)
  7 hornets
  Grinder (D:4)
  13 blink frogs
  3 shadows
  A vampire (D:9)
  43 yaks
  6 wyverns
  A wraith (D:9)
  The ghost of NitroKuite the Slasher, an amateur MfGl of Elyvilon (D:6)
  A vampire mosquito (D:11)
  5 basilisks
  3 steam dragons
  6 acid dragons
  Edmund (D:4)
  10 water moccasins
  20 orc warriors
  3 swamp drakes (Lair:5)
  A sky beast (D:7)
  2 black bears
  An ice beast (D:5)
  9 ogres
  4 small abominations (Gauntlet)
  9 wolves (Lair:1)
  A centaur (D:11)
  5 kobold brigands
  8 bullfrogs
  2 gnoll sergeants
  4 scorpions
  9 wights
  11 killer bees
  2 howler monkeys
  3 electric eels (Lair:3)
  2 jellies
  28 orc priests
  A gnoll bouda (D:7)
  7 hounds
  2 sleepcaps
  8 iguanas
  42 orc wizards
  22 gnolls
  17 adders
  4 shadow imps
  A white imp (D:6)
  2 ufetubi (D:5)
  A ribbon worm (D:4)
  2 dart slugs
  73 orcs
  6 ball pythons
  3 bats
  8 endoplasms
  2 giant cockroaches (D:1)
  7 goblins
  8 hobgoblins
  6 jackals (D:1)
  31 kobolds
  3 frilled lizards
  4 rats
576 creatures vanquished.

Vanquished Creatures (others)
  A steam dragon (Lair:5)
  An iguana (Lair:5)
  A quokka (D:6)
3 creatures vanquished.

Grand Total: 579 creatures vanquished

Notes
Turn   | Place    | Note
-------+----------+-------------------------------------------
     0 | D:1      | Dirian the Minotaur Fighter began the quest for the Orb.
     0 | D:1      | Reached XP level 1. HP: 19/19 MP: 0/0
   169 | D:1      | Reached XP level 2. HP: 27/27 MP: 1/1
   394 | D:1      | Reached XP level 3. HP: 33/33 MP: 2/2
   592 | D:1      | Found a faded altar of an unknown god.
  1725 | D:3      | Found an ancient bone altar of Kikubaaqudgha.
  1820 | D:3      | Found Ycaruc's Jewellery Boutique.
  2132 | D:3      | Reached XP level 4. HP: 41/41 MP: 3/3
  2277 | D:4      | Noticed a black bear
  2286 | D:4      | Killed a black bear
  2287 | D:4      | Reached skill level 5 in Axes
  2287 | D:4      | Reached XP level 5. HP: 40/47 MP: 4/4
  2288 | D:4      | Reached skill level 5 in Armour
  2349 | D:4      | Reached XP level 6. HP: 42/55 MP: 5/5
  2419 | D:4      | Reached skill level 5 in Fighting
  2427 | D:4      | Noticed Edmund
  2436 | D:4      | Killed Edmund
  2528 | D:4      | Reached XP level 7. HP: 61/61 MP: 6/6
  2803 | D:4      | Noticed Grinder
  2816 | D:4      | Killed Grinder
  3255 | D:5      | Entered Level 5 of the Dungeon
  3272 | D:5      | Reached XP level 8. HP: 66/70 MP: 7/7
  3313 | D:5      | Reached skill level 5 in Shields
  3414 | D:5      | Reached skill level 1 in Throwing
  3624 | D:5      | Found a sparkling altar of Nemelex Xobeh.
  3669 | D:5      | Found a bloodstained altar of Trog.
  3982 | D:6      | Found a runed translucent door.
  4025 | D:6      | Found a white marble altar of Elyvilon.
  4194 | D:6      | Found a basalt altar of Yredelemnul.
  4528 | D:6      | Noticed NitroKuite's ghost (amateur MfGl)
  4764 | D:6      | Found a staircase to the Ecumenical Temple.
  4863 | D:6      | Reached XP level 9. HP: 77/78 MP: 8/8
  4866 | D:6      | Reached skill level 10 in Axes
  4871 | D:6      | Killed NitroKuite's ghost
  4966 | Temple   | Entered the Ecumenical Temple
  4993 | Temple   | Became a worshipper of Warmaster Okawaru
  5393 | D:7      | Reached skill level 1 in Invocations
  5508 | D:7      | Reached * piety under Okawaru
  6514 | D:8      | Reached XP level 10. HP: 79/88 MP: 10/10
  6553 | D:8      | Reached ** piety under Okawaru
  6899 | D:8      | Found a staircase to the Lair.
  7357 | D:9      | Reached skill level 5 in Throwing
  7579 | D:9      | Found a stormy altar of Qazlal.
  7580 | D:9      | Noticed Erica
  7586 | D:9      | Killed Erica
  7586 | D:9      | Reached *** piety under Okawaru
  7750 | D:9      | Noticed a two-headed ogre
  7765 | D:9      | Killed a two-headed ogre
  8008 | D:9      | Found a burning altar of Makhleb.
  8101 | D:9      | Found a staircase to the Orcish Mines.
  8173 | D:9      | Identified the +1 ring mail of Niketh {+Inv rC+}
  8326 | D:9      | Reached XP level 11. HP: 93/95 MP: 13/13
  8639 | D:10     | Entered Level 10 of the Dungeon
  8708 | D:10     | Found a transporter.
  8709 | D:10     | Found a transporter.
  8712 | D:10     | Found a transporter.
  8717 | D:10     | Found a transporter.
  9227 | D:10     | Reached **** piety under Okawaru
  9558 | D:11     | Reached skill level 5 in Invocations
 10664 | D:12     | Noticed a deep elf pyromancer
 10836 | Lair:1   | Entered Level 1 of the Lair of Beasts
 10866 | Lair:1   | Reached ***** piety under Okawaru
 11228 | Lair:1   | Identified the +7 dagger of Regicide {flame, *Slow rN+
                  | Int+4}
 11285 | Lair:1   | Received a gift from Okawaru
 11530 | Lair:1   | Reached skill level 10 in Armour
 11635 | Lair:1   | Reached XP level 12. HP: 92/106 MP: 15/15
 12021 | Lair:2   | Reached skill level 10 in Fighting
 12115 | Lair:2   | Received a gift from Okawaru
 12285 | Lair:2   | You fall into a shaft and drop 1 floor!
 12450 | Lair:3   | Noticed a seven-headed hydra
 12465 | Lair:3   | Killed a one-headed hydra
 12620 | Lair:3   | Noticed Huasawuy's ghost (journeyman TrHW)
 12621 | Lair:3   | Noticed a death yak
 12718 | Lair:3   | Found a transporter.
 12866 | Lair:2   | HP: 1/108 [skyshark (7)]
 12872 | Lair:2   | Reached skill level 1 in Long Blades
 13155 | Lair:2   | Found a transporter.
 13155 | Lair:2   | Noticed a boulder beetle
 13156 | Lair:2   | Found a transporter.
 13423 | Lair:2   | Noticed an eight-headed hydra
 13438 | Lair:2   | Killed a four-headed hydra
 13715 | Lair:2   | Found a hole to the Spider Nest.
 14133 | Lair:3   | Found a transporter.
 14134 | Lair:3   | Found a staircase to the Swamp.
 14497 | Lair:3   | Noticed Rupert
 14503 | Lair:3   | Paralysed by Rupert for 5 turns
 14514 | Lair:3   | Paralysed by Rupert for 5 turns
 14529 | Lair:3   | Killed Rupert
 14530 | Lair:3   | Reached skill level 10 in Shields
 14990 | Lair:4   | Reached XP level 13. HP: 116/116 MP: 17/17
 15018 | Lair:4   | Received a gift from Okawaru
 15050 | Lair:4   | Found a gate leading to a gauntlet.
 15068 | Gauntlet | Entered a Gauntlet
 15068 | Gauntlet | Found a transporter.
 15068 | Gauntlet | Found a runed translucent door.
 15068 | Gauntlet | Found a transporter.
 15078 | Gauntlet | Found a transporter.
 15095 | Gauntlet | Found a transporter.
 15108 | Gauntlet | Found a transporter.
 15108 | Gauntlet | Found a transporter.
 15108 | Gauntlet | Found a transporter.
 15110 | Gauntlet | Found a transporter.
 15110 | Gauntlet | Found a transporter.
 15129 | Gauntlet | Found a transporter.
 15138 | Gauntlet | Noticed a reaper
 15140 | Gauntlet | Found a transporter.
 15150 | Gauntlet | Found a transporter.
 15164 | Gauntlet | Found a transporter.
 15198 | Gauntlet | Found a transporter.
 15206 | Gauntlet | Found a runed translucent door.
 15615 | Gauntlet | Killed a reaper
 15627 | Gauntlet | Identified the +5 cloak of the Crypt {Fly rPois SInv}
 15772 | Gauntlet | Identified the +11 spear "Baophid" {heavy, rN++ Dex+2}
 15772 | Gauntlet | Noticed a minotaur
 15793 | Gauntlet | Killed a minotaur
 16127 | Lair:4   | Found a staircase to the Slime Pits.
 17202 | Lair:5   | Entered Level 5 of the Lair of Beasts
 17606 | Lair:5   | Noticed a fire dragon
 17622 | Lair:5   | Killed a fire dragon
 17831 | Lair:5   | Reached skill level 10 in Throwing
 17831 | Lair:5   | Reached XP level 14. HP: 79/129 MP: 20/20
 18184 | Lair:5   | Received a gift from Okawaru
 18833 | Lair:5   | Got the Guide on Vapour
 19341 | Orc:1    | Entered Level 1 of the Orcish Mines
 19621 | Orc:2    | Entered Level 2 of the Orcish Mines
 20067 | Orc:2    | Paralysed by an orc sorcerer for 2 turns
 20295 | Orc:1    | Paralysed by an orc sorcerer for 3 turns
 20735 | Orc:2    | Found a staircase to the Elven Halls.
 21060 | Orc:2    | Reached skill level 10 in Invocations
 21109 | Orc:2    | Paralysed by an orc sorcerer for 5 turns
 21200 | Orc:2    | Found Tyol's Assorted Antiques.
 21200 | Orc:2    | Found Eqanoh's Weapon Boutique.
 21201 | Orc:2    | Found Biekhe's Distillery.
 21205 | Orc:2    | Found Siarphace's Assorted Antiques.
 21210 | Orc:2    | Bought a potion of might for 48 gold pieces
 21210 | Orc:2    | Bought a potion of haste for 120 gold pieces
 21210 | Orc:2    | Bought a potion of resistance for 120 gold pieces
 21210 | Orc:2    | Bought a potion of haste for 120 gold pieces
 21702 | Spider:1 | Entered Level 1 of the Spider Nest
 21715 | Spider:1 | Slain by a wolf spider

Illustrated notes

Levels and vault maps discovered:
D:1:      kennysheep_arrival_forest, layout_basic,
          shapermc_ecumenical_altar_mp_vishouse, minmay_misc_feat_secret_circle
D:2:      layout_basic, amcnicky_mini_corridor_feature
D:3:      minmay_angry_zag, layout_rooms, mainiacjoe_overflow_alcove_2,
          serial_shops, nicolae_shop_crystal, st_stairs_7, minmay_misc_feat_iff
D:4:      minmay_chambers_of_twos, layout_gridville, minmay_pentomino_pile,
          uniq_grinder, uniq_edmund
D:5:      layout_basic, mainiacjoe_overflow_catch_the_wave
D:6:      layout_basic, elyvilon_altar_4, nicolae_overflow_crystal_walls,
          lemuel_temple_firewalk_b, ebering_ghost_sewer_d
D:7:      layout_basic
D:8:      layout_cave_pools, erik_lair_dragon
D:9:      layout_basic, nicolae_qazlal_general_emergency,
          lemuel_coloured_pillars_altar, orc_0_dummy, dk_noncrumbling_3,
          minmay_puff, uniq_erica
D:10:     layout_basic, nicolae_diode_quadrants
D:11:     layout_basic, amcnicky_mini_pool_medium
D:12:     layout_irregular_city, nicolae_trove_entry_crossroad
Temple:   regret_index_temple_waves
Lair:1:   layout_cave_pods, chequers_serial_rivers_small_b, minivault_19,
          infiniplex_staircase_pool_2
Lair:2:   gammafunk_boulding_lane, layout_small_grid, dummy_spider_entry,
          beast_lair_carwin_6
Lair:3:   layout_loops_ring, minmay_swamp_entry_eels, gammafunk_ghost_arena,
          st_stairs_13, uniq_rupert
Lair:4:   minmay_lair_venomous_thicket, layout_regular_city,
          dpeg_slime_entry_enclosed, gauntlet_entry_generic
Lair:5:   guppyfry_lair_end_dragon, layout_regular_city, wormcave
Spider:1: layout_cave_pods
Orc:1:    layout_caves
Orc:2:    st_orc_mages, layout_caves, nicolae_orc_tapped_out

Skill      XL: |  1  2  3  4  5  6  7  8  9 10 11 12 13 14 |
---------------+-------------------------------------------+-----
Fighting       | 4 5 6 7 8 9 11 13 14 | 14.0
Armour         | 4 5 6 7 8 9 10 11 12 13 | 13.7
Shields        | 4 5 6 7 8 10 11 12 | 12.5
Axes           | 3 5 6 8 9 11 12 14 | 14.0
Throwing       | 2 4 5 7 8 10 | 10.0
Invocations    | 2 4 6 7 9 10 | 10.0
Long Blades    | 1 |  1.0

Action                     |  1- 3 |  4- 6 |  7- 9 | 10-12 | 13-15 || total
---------------------------+-------+-------+-------+-------+-------++-------
  Melee: War axe           |    81 |    42 |   288 |   423 |       ||   834
         Headbutt          |     7 |     3 |    36 |   133 |   143 ||   322
         Broad axe         |       |       |       |   127 |   602 ||   729
         Scimitar          |       |       |       |    21 |    18 ||    39
  Throw: Boomerang         |       |       |       |    13 |    36 ||    49
 Invoke: Heroism           |       |       |     1 |     8 |    18 ||    27
         Finesse           |       |       |       |     1 |     3 ||     4
  Evoke: Wand              |       |       |       |     2 |       ||     2
    Use: Scroll            |       |     7 |    10 |    11 |     5 ||    33
         Potion            |       |       |       |     4 |     1 ||     5
 Armour: Scale mail        |    53 |    47 |   214 |   172 |       ||   486
         Plate armour      |       |       |       |   334 |   537 ||   871
  Dodge: Dodged            |    34 |    19 |   112 |   193 |   181 ||   539
  Block: Buckler           |    10 |    14 |    84 |       |       ||   108
         Kite shield       |       |       |     6 |   303 |   352 ||   661
